 Dungeon Crawl Stone Soup version 0.29.1-2-gbd0b4ee654 (webtiles) character file.

Game seed: 11896304080436219324

439 Ladykiller66 the Trooper (level 7, -9/64 HPs)
             Began as a Naga Berserker on Nov 4, 2022.
             Was an Initiate of Cheibriados.
             Killed by nerve-wracking pain
             ... invoked by an orc priest
              (11 damage)
             ... on level 4 of the Dungeon.
             The game lasted 00:19:18 (4187 turns).

Ladykiller66 the Trooper (Naga Berserker)           Turns: 4187, Time: 00:19:19

Health: -9/64      AC: 10    Str: 19 (20) XL:     7   Next: 1%
Magic:  7/7        EV: 10    Int:  9 (11) God:    Cheibriados [......]
Gold:   138        SH:  0    Dex:  9 (11) Spells: 6/6 levels left

rFire   . . .      SeeInvis +   s - +1 whip (venom)
rCold   . . .      Faith    .   (no shield)
rNeg    . . .      Spirit   .   b - +0 animal skin
rPois   +          Reflect  .   t - +2 helmet {SInv}
rElec   .          Harm     .   z - +2 cloak
rCorr   .          Rampage  .   l - +0 pair of gloves
Will    .....                   (no barding)
Stlth   +.........              (no amulet)
HPRegen 0.20/turn               (no ring)
MPRegen 0.10/turn               (no ring)

@: short of breath, very slow
A: AC +2, large, see invisible, deformed body, poison resistance, slowness 2,
spit poison 1, naga tail 1
a: Spit Poison, Renounce Religion


You were on level 4 of the Dungeon.
You worshipped Cheibriados.
Cheibriados was noncommittal.
You visited 1 branch of the dungeon, and saw 4 of its levels.

You collected 138 gold pieces.

Inventory:

Hand Weapons
 a - a +0 hand axe
 f - a +0 whip of venom
 p - a +1 mace of holy wrath
 s - a +1 whip of venom (weapon)
 A - a +0 hammer
Missiles
 d - 27 stones (quivered)
 v - 3 curare-tipped darts
Armour
 b - a +0 animal skin (worn)
 l - a +0 pair of gloves (worn)
 t - a +2 helmet of see invisible (worn)
 z - a +2 cloak (worn)
Jewellery
 x - a ring of protection from cold
Wands
 q - a wand of digging (7)
Scrolls
 e - 4 scrolls of vulnerability {unknown}
 h - a scroll of amnesia {unknown}
 i - 4 scrolls of identify {unknown}
 j - 5 scrolls of teleportation {unknown}
 k - a scroll of silence {unknown}
 n - a scroll of brand weapon {unknown}
 o - a scroll of torment {unknown}
 w - a scroll of enchant armour {unknown}
 y - a scroll of fear {unknown}
Potions
 c - a potion of degeneration
 g - 3 potions of brilliance {unknown}
 m - 3 potions of curing {unknown}
 r - a potion of haste {unknown}
 u - a potion of heal wounds {unknown}
 B - 2 potions of might {unknown}
 C - a potion of mutation {unknown}


   Skills:
 + Level 4.3 Fighting
 - Level 3.1(4.1) Axes
 * Level 4.1(4.6) Maces & Flails
 + Level 2.9 Armour
 + Level 2.9 Dodging


You had 6 spell levels left.
You didn't know any spells.
Your spell library was empty.

Dungeon Overview and Level Annotations

Branches:
Dungeon (4/15)
 Temple: D:4-7

Altars:
Cheibriados

Shops:
D:1 :


Innate Abilities, Weirdness & Mutations

Your serpentine skin is tough. (AC +2)
You have supernaturally acute eyesight. (SInv)
Armour fits poorly on your strangely shaped body.
Your system is resistant to poisons. (rPois)
You cover ground very slowly.
You can spit poison.
You have a snake-like lower body.


Message History

You hit the orc.
The orc is poisoned.
The orc is lightly wounded.
The orc barely misses you.
You hit the orc.
You kill the orc!
Cheibriados thoroughly appreciates the change of pace.
Items here: )))) [[[ ††.
You start resting.
An orc priest comes into view. It is wielding a +0 flail.
Aiming: Spit Poison (1% risk of failure)
Press: ? - help, Shift-Dir - straight line, f - orc priest
Aim: an orc priest, wielding a +0 flail (wandering, hasn't noticed you, 59% to hit)
The splash of poison misses the orc priest.
You hit the orc priest.
The orc priest is lightly wounded.
The orc priest closely misses you.
You barely miss the orc priest.
The orc priest is lightly wounded.
The orc priest invokes the aid of Beogh against you.
Beogh smites you!
* * * LOW HITPOINT WARNING * * *
You closely miss the orc priest.
The orc priest is lightly wounded.
You have got your breath back.
The orc priest closely misses you.
Aiming: Spit Poison (1% risk of failure)
Press: ? - help, Shift-Dir - straight line, f/p - orc priest
Aim: an orc priest, wielding a +0 flail (lightly wounded, 59% to hit)
The splash of poison hits the orc priest.
The orc priest is poisoned.
The orc priest is moderately wounded.
The orc priest invokes the aid of Beogh against you.
Beogh smites you!
* * * LOW HITPOINT WARNING * * *
It was a potion of degeneration.
There was something very wrong with that liquid.
You feel weakened.
You feel dopey.
You feel clumsy.
The orc priest mumbles some strange prayers to Beogh against you.
Pain shoots through your body!
You die...

###......o.........###...<
#... ....o...##...##....#
..... #.o........#...#.#
..... ##o....#.......#..
......###.........#.......
#.....#...†.....###......#
#..............## ##......
...⌠...>###.(..# ##...#.
.......?o@##....# ###.##.
#.......)###...## #....##
######..## ##.## ###..##
#### ### ##### #


You could see an orc priest (poisoned).

Vanquished Creatures
  Sigmund (D:2)
  A scorpion (D:4)
  A howler monkey (D:3)
  Crazy Yiuf (D:2)
  An orc wizard (D:4)
  Robin (D:2)
  3 adders
  7 orcs
  7 ball pythons
  3 bats
  5 endoplasms
  6 giant cockroaches
  12 goblins
  7 hobgoblins
  8 jackals (D:2)
  3 quokkas
  2 frilled lizards
  8 kobolds
  7 rats
84 creatures vanquished.

Vanquished Creatures (others)
  37 plants (D:4)
37 creatures vanquished.

Grand Total: 121 creatures vanquished

Notes
Turn   | Place    | Note
-------+----------+-------------------------------------------
     0 | D:1      | Ladykiller66 the Naga Berserker began the quest for the
                  | Orb.
     0 | D:1      | Reached XP level 1. HP: 21/21 MP: 1/1
   418 | D:1      | Reached XP level 2. HP: 6/28 MP: 2/2
   756 | D:1      | Found Dogeliev's Book Shoppe.
  1031 | D:1      | Reached skill level 1 in Maces & Flails
  1792 | D:2      | Reached XP level 3. HP: 34/34 MP: 3/3
  2216 | D:2      | Noticed Sigmund
  2260 | D:2      | Killed Sigmund
  2261 | D:2      | Reached XP level 4. HP: 44/44 MP: 4/4
  2261 | D:2      | Reached XP level 5. HP: 50/50 MP: 5/5
  2319 | D:2      | Noticed Robin
  2328 | D:2      | Killed Robin
  2343 | D:1      | Reached XP level 6. HP: 39/57 MP: 6/6
  2874 | D:2      | Found a runed translucent door.
  2875 | D:2      | Noticed Crazy Yiuf
  3132 | D:2      | Killed Crazy Yiuf
  3268 | D:3      | Reached ** piety under Trog
  3997 | D:4      | Found a snail-covered altar of Cheibriados.
  4026 | D:4      | Fell from the grace of Trog
  4026 | D:4      | Became a worshipper of Cheibriados the Contemplative
  4143 | D:4      | Identified the +1 chain mail of the Seven of Swords {rN+}
  4161 | D:4      | Reached XP level 7. HP: 30/64 MP: 7/7
  4186 | D:4      | HP: 2/64 [orc priest/divine providence (10)]
  4187 | D:4      | Killed from afar by an orc priest

Illustrated notes

Levels and vault maps discovered:
D:1:      dpeg_arrival_more_subterranean_lakeside_camping, layout_basic,
          serial_shops, nicolae_shop_hallway_plus, minmay_strange_pillars,
          serial_park_tiny_pond
D:2:      layout_rooms, minmay_misc_feat_nine_boxes, kennysheep_small_spiral,
          uniq_crazy_yiuf_cottage, uniq_sigmund, uniq_robin
D:3:      layout_basic, kennysheep_generic_room_11
D:4:      layout_cave_pools, mainiacjoe_overflow_concentric_impassable,
          general_overflow_altar, serial_bayou_lagoon_a, solitary_fountain

Skill      XL: |  1  2  3  4  5  6 |
---------------+-------------------+-----
Maces & Flails | 1 3 4 |  4.1
Dodging        | 2 |  2.9
Armour         | 2 |  2.9
Fighting       | 4 |  4.3
Axes           | |  3.1

Action                   |  1- 3 |  4- 6 |  7- 9 || total
-------------------------+-------+-------+-------++-------
Melee: Whip              |    72 |   145 |     9 ||   226
       Hand axe          |    11 |       |       ||    11
       Punch             |       |     2 |       ||     2
Throw: Stone             |    18 |     4 |       ||    22
Invok: Berserk           |     2 |     1 |       ||     3
 Abil: Spit Poison       |    15 |     4 |     2 ||    21
  Use: Potion            |       |       |     1 ||     1
 Stab: Sleeping          |       |     1 |       ||     1
Armor: Animal skin       |     9 |    57 |     2 ||    68
Dodge: Dodged            |    37 |    87 |     5 ||   129
